 Dungeon Crawl Stone Soup version 0.32-a0-18-g89e19f1974 (webtiles) character file.

Game seed: 5460108047182053745

203830 MacCMillion the Severer (level 19, -7/157 HPs)
             Began as a Formicid Fighter on Jan 14, 2024.
             Was a Priest of Qazlal.
             Killed by the air
             ... invoked by a wind drake
              (24 damage)
             ... on level 4 of the Shoals on Jan 16, 2024.
             The game lasted 01:47:58 (46784 turns).

MacCMillion the Severer (Formicid Fighter)         Turns: 46784, Time: 01:47:59

Health: -7/157     AC: 27    Str: 37    XL:     19   Next: 33%
Magic:  22/29      EV: 11    Int: 13    God:    Qazlal [***...]
Gold:   237        SH: 25    Dex: 17    Spells: 18/18 levels left

rFire   x . .        F - +4 battleaxe
rCold   + . .        c - +0 tower shield {reflect}
rNeg    + + .        p - +0 plate armour {Will+}
rPois   +            (helmet unavailable)
rElec   .            H - +1 cloak
rCorr   .            f - +2 pair of gloves
SInv    +            G - +2 pair of boots
Will    +....        b - amulet "Qiuphur" {rF- rC+ rN+ Regen+ Dex+2} Stlth
                     W - +9 ring of strength
HPRegen 1.26/turn    v - ring "Ofoqihang" {rPois rN+ Int+4 Dex+2}
MPRegen 0.21/turn

%: reflection
@: mighty, weak-willed, afraid, spiked, studying 2 skills
A: permanent stasis, dig shafts and tunnels, antennae 3, four strong arms
}: 1/15 runes: serpentine
a: Dig, Shaft Self, Renounce Religion, Upheaval, Elemental Force


You were on level 4 of the Shoals.
You worshipped Qazlal.
Qazlal was most pleased with you.
You visited 6 branches of the dungeon, and saw 31 of its levels.
You visited 1 bazaar.
You also visited: Ice Cave and Volcano.

You collected 3449 gold pieces.
You spent 3212 gold pieces at shops.

Inventory:

Hand Weapons
 F - a +4 battleaxe (weapon)
 Y - a +0 executioner's axe of freezing
Missiles
 g - 14 silver javelins (quivered)
 y - 10 javelins
 J - a throwing net
 K - 14 curare-tipped darts
Armour
 c - a +0 tower shield of reflection (worn)
 f - a +2 pair of gloves (worn)
 p - a +0 plate armour of willpower (worn)
 G - a +2 pair of boots (worn)
 H - a +1 cloak (worn)
Jewellery
 b - the amulet "Qiuphur" (around neck) {rF- rC+ rN+ Regen+ Dex+2}
   (You found it on level 13 of the Dungeon)

   [amulet of regeneration]

   Dex+2:     It affects your dexterity (+2).
   rF-:       It makes you vulnerable to fire.
   rC+:       It protects you from cold.
   rN+:       It protects you from negative energy.
   Regen+:    It increases your rate of health regeneration.
 n - a +5 ring of evasion
 v - the ring "Ofoqihang" (right hand) {rPois rN+ Int+4 Dex+2}
   (You took it off an orc warrior on level 7 of the Dungeon)

   [ring of positive energy]

   Int+4:     It affects your intelligence (+4).
   Dex+2:     It affects your dexterity (+2).
   rPois:     It protects you from poison rN+: It protects you from negative
   energy.
 N - a +4 ring of protection
 S - a ring of protection from cold
 W - a +9 ring of strength (left hand)
 X - the ring "Fitiw" {rF+ rC+ Str+3}
   (You found it in an ice cave)

   [ring of protection from cold]

   Str+3:     It affects your strength (+3).
   rF+:       It protects you from fire.
   rC+:       It protects you from cold.
Wands
 h - a wand of mindburst (18)
 t - a wand of iceblast (25)
 L - a wand of light (3)
 M - a wand of flame (45)
 Q - a wand of polymorph (6)
 U - a wand of paralysis (8)
Scrolls
 e - a scroll of enchant weapon
 j - 3 scrolls of revelation
 k - a scroll of butterflies
 l - 5 scrolls of amnesia
 o - a scroll of silence
 r - 6 scrolls of enchant armour
 w - 3 scrolls of immolation
 x - 3 scrolls of noise
 z - a scroll of brand weapon
 C - 4 scrolls of vulnerability
 D - 2 scrolls of fear
 E - 5 scrolls of fog
 T - a scroll of poison
Potions
 a - a potion of invisibility
 d - a potion of might
 i - 3 potions of ambrosia
 m - a potion of magic
 q - 5 potions of enlightenment
 s - 5 potions of cancellation
 u - 14 potions of curing
 A - 5 potions of attraction
 B - 2 potions of heal wounds
 P - 2 potions of lignification
 R - 3 potions of mutation
Miscellaneous
 I - a sack of spiders
 O - a lightning rod (4/4)
 V - a phantom mirror
 Z - a condenser vane


   Skills:
 + Level 16.1 Fighting
 + Level 19.2 Axes
 + Level 16.0 Armour
 - Level 6.0 Dodging
 + Level 16.8 Shields
 + Level 14.4 Invocations


You had 18 spell levels left.
You didn't know any spells.
Your spell library contained the following spells:

 Spells                   Type           Power      Damage    Failure   Level
 Freeze                   Ice            0%         1d3       89%         1
 Sandblast                Erth           0%         2d4       89%         1
 Slow                     Hex            0%         N/A       89%         1
 Sting                    Conj/Alch      0%         1d3       89%         1
 Summon Small Mammal      Summ           0%         N/A       89%         1
 Mercury Vapours          Alch/Air       0%         N/A       96%         2
 Sublimation of Blood     Necr           0%         N/A       96%         2
 Call Canine Familiar     Summ           0%         N/A       99%         3
 Confusing Touch          Hex            0%         N/A       99%         3
 Frozen Ramparts          Ice            0%         1d1       99%         3
 Hailstorm                Conj/Ice       0%         3d5       99%         3
 Inner Flame              Hex/Fire       0%         N/A       99%         3
 Passwall                 Erth           0%         N/A       99%         3
 Sigil of Binding         Hex            0%         N/A       99%         3
 Stone Arrow              Conj/Erth      0%         3d7       99%         3
 Summon Ice Beast         Ice/Summ       0%         N/A       99%         3
 Vampiric Draining        Necr           0%         2d6       99%         3
 Brom's Barrelling Bould  Conj/Erth      0%         2d3       100%        4
 Olgreb's Toxic Radiance  Alch           0%         N/A       100%        4
 Petrify                  Alch/Erth      0%         N/A       100%        4
 Summon Blazeheart Golem  Fire/Summ      0%         N/A       100%        4
 Irradiate                Conj/Alch      0%         3d11      100%        5
 Summon Mana Viper        Hex/Summ       0%         N/A       100%        5
 Monstrous Menagerie      Summ           0%         N/A       100%        7
 Orb of Destruction       Conj           0%         9d5       100%        7
 Ozocubu's Refrigeration  Ice            0%         4d7       100%        7
 Spellforged Servitor     Conj/Summ      0%         N/A       100%        7
 Discord                  Hex            0%         N/A       100%        8
 Ignition                 Fire           0%         3d3       100%        8


Dungeon Overview and Level Annotations

Branches:
Dungeon (15/15)            Temple (1/1) D:4            Lair (5/5) D:11
 Shoals (4/4) Lair:3        Snake (4/4) Lair:2        Slime (0/5) Lair:5
    Orc (2/2) D:10            Elf (0/3) Orc:2        Vaults (0/5) D:13
 Depths (0/4) D:15          IceCv (visited)         Volcano (visited)

Altars:
Ashenzari
Cheibriados
Dithmenos
Elyvilon
Fedhas
Gozag
Hepliaklqana
Kikubaaqudgha
Makhleb
Nemelex Xobeh
Okawaru
Qazlal
Ru
Sif Muna
Trog
Uskayaw
Vehumet
Wu Jian
Xom
Yredelemnul
Zin
The Shining One
Jiyva

Shops:
D:4 **[   D:8 =   D:9 (   D:15 (   Orc:2 ![(?   Shoals:1 :   Snake:1 *

Portals:
Abyss: Orc:1
Trove: D:11 (show slimy rune of Zot)

Annotations:
Snake:1 3 runed translucent doors, Roxanne; Yli Wybb's ghost, adept DsHu
Orc:1 2 transporters, Zaque's ghost, journeyman TrBr


Innate Abilities, Weirdness & Mutations

You cannot be hasted, slowed, berserked, paralysed or teleported.
You can dig through walls and to a lower floor.
You have a pair of large antennae on your head. (SInv)
Your four strong arms can wield two-handed weapons with a shield.


Message History

The sea snake bites you but does no damage.
You block the merfolk's attack. x3
The sphinx is engulfed in freezing vapours.
The faun gestures at you while chanting.
Your willpower is stripped away!
The satyr plays a frightful melody on its pipes!
The satyr radiates an aura of fear!
You block the sea snake's attack.
The merfolk hits you from afar with a +0 trident.
The merfolk aquamancer gestures at you while chanting.
The shard of ice hits you! You partially resist.
The dream sheep ruffles its wool and motes of dream dust sparkle, to no effect.
The snapping turtle barely misses you. The merfolk hits you with a +0 trident!
* * * LOW HITPOINT WARNING * * *
The merfolk hits you but does no damage.
The merfolk is engulfed in a thunderstorm.
The merfolk hits you with a +0 trident!
* * * LOW HITPOINT WARNING * * *
A dream sheep comes into view.
You see here a manticore corpse.
The barbed spikes dig painfully into your body as you move.
* * * LOW HITPOINT WARNING * * *
The satyr plays a rousing melody on its pipes!
The satyr goes into a battle-frenzy!
The merfolk attacks as it pursues you! You block the merfolk's attack.
The merfolk hits you but does no damage.
You block the merfolk's attack. The merfolk attacks as it pursues you!
The merfolk barely misses you.
The merfolk is engulfed in a thunderstorm.
You kill the merfolk!
Qazlal accepts your kill.
You hear a splash.
The faun unwields a +0 sling.
The faun wields a +0 quarterstaff.
You block the faun's attack.
The sphinx mumbles some strange words.
Something smites you!
* * * LOW HITPOINT WARNING * * *
You block the merfolk's attack. The wind drake flaps its wings at you.
The air twists around and strikes you!!
You die...

≈≈≈≈≈≈≈≈≈≈≈≈≈≈≈≈
≈≈≈≈≈≈≈≈≈≈≈≈≈≈≈≈≈≈
#≈≈≈≈≈≈≈≈≈≈≈≈≈≈≈≈≈
#~~~~~~~~~~≈≈≈≈≈≈
#~~~~~~~~~~≈≈≈≈≈
#.~~H~~~~~~~≈≈≈≈ ,
#~km§H~~~~~≈≈≈
#.~m§.☼.~~~≈≈≈
##~Sm@<†.~~≈≈≈
,#.ctc.††."~≈≈≈
.~H#cmc..#.P~≈≈≈
...#.~...##..~≈≈≈
.Y.Y.~.P). .~≈≈≈
Y.~..~..PP. .~≈≈≈
.###.#.... ~≈≈≈
..##..P ~≈≈≈


You could see 2 sphinxes, 3 satyrs, a sea snake, a merfolk aquamancer, a
snapping turtle, a wind drake (repels missiles), 3 merfolk, a faun (strong), a
manticore (skewered) and a dream sheep.

Vanquished Creatures
  Mlioglotl (Snake:3)
  Gastronok (D:8)
  Kirke (Snake:1)
  Polyphemus (Shoals:2)
  Aizul (Snake:1)
  Louise (Snake:1)
  4 nagarajas
  A reaper (IceCv)
  2 stone giants
  A minotaur (Shoals:1)
  Snorg (Lair:3)
  3 merfolk impalers
  Josephine (Lair:3)
  A merfolk javelineer (Shoals:1)
  A rakshasa (D:14)
  Fannar (D:12)
  4 hydras
  A salamander tyrant (Snake:4)
  Erolcha (D:13)
  A merfolk aquamancer (Shoals:1)
  2 ogre magi (D:15)
  7 anacondas
  An alligator snapping turtle (Shoals:3)
  4 catoblepae
  7 centaur warriors
  3 merfolk avatars
  17 naga warriors
  4 death yaks
  A hell hog (Volcano)
  14 two-headed ogres
  Urug (Lair:5)
  2 tengu warriors (D:15)
  3 satyrs
  3 shock serpents (Snake:4)
  10 naga sharpshooters
  Sonja (Lair:3)
  3 skysharks
  3 salamander mystics
  6 sea snakes
  8 mana vipers
  A deep elf archer (D:13)
  6 naga ritualists
  2 arcanists
  Pikel (D:8)
  2 necromancers
  7 harpies
  A phantasmal warrior (D:13)
  2 orc knights
  A lindwurm (Volcano)
  An oklob plant (Lair:5)
  3 deep elf pyromancers
  6 cyclopes
  11 fauns
  8 ugly things
  8 salamanders
  5 manticores
  3 meliai (Shoals:1)
  A water nymph (Shoals:1)
  An ice statue (IceCv)
  5 kobold blastminers (Orc:2)
  40 black mambas
  5 guardian serpents (Snake:4)
  5 merfolk sirens
  6 cane toads
  15 naga magi
  8 elephants
  An unseen horror (D:12)
  A cane toad (shapeshifter) (D:15)
  An unseen horror (shapeshifter) (D:13)
  A yaktaur (D:13)
  2 kobold demonologists
  An efreet (D:15)
  3 komodo dragons
  3 rime drakes
  An ice devil (IceCv)
  2 tengu conjurers
  2 freezing wraiths
  2 anaconda simulacra (IceCv)
  A wind drake (shapeshifter) (D:14)
  3 polar bears
  9 trolls
  4 wind drakes
  6 hornets
  9 merfolk
  A blink frog (shapeshifter) (D:13)
  6 snapping turtles
  Prince Ribbit (D:7)
  24 blink frogs
  9 dream sheep
  A centaur simulacrum (D:13)
  A shadow (D:13)
  13 spriggans (Lair:5)
  A dire elephant simulacrum (IceCv)
  5 water elementals
  10 wraiths
  56 yaks
  5 wyverns
  2 vampires (D:13)
  7 basilisks
  3 hogs (Snake:1)
  9 fire bats (Volcano)
  3 steam dragons
  8 wargs
  10 vampire mosquitoes
  3 death yak simulacra (IceCv)
  43 nagas
  2 harpy simulacra (IceCv)
  6 acid dragons
  12 water moccasins
  A hell hound (Volcano)
  A hydra simulacrum (IceCv)
  18 orc warriors
  5 ice beasts
  3 black bears (Lair:5)
  A sky beast (D:8)
  10 ogres
  38 wolves
  8 centaurs
  4 boggarts (Lair:5)
  A lemure (D:8)
  5 kobold brigands
  15 bullfrogs
  8 two-headed ogre simulacra (IceCv)
  7 scorpions
  2 gnoll sergeants
  3 cane toad simulacra (IceCv)
  3 wights
  2 elephant simulacra (IceCv)
  6 killer bees (D:9)
  An electric eel (Lair:3)
  A bombardier beetle (D:7)
  3 jellies
  9 orc priests
  4 hounds
  3 gnoll boudas
  4 iguanas
  21 orc wizards
  2 sleepcaps
  4 yak simulacra (D:9)
  10 spriggan simulacra (IceCv)
  5 troll simulacra (IceCv)
  2 polar bear simulacra (IceCv)
  A wolf simulacrum (D:9)
  21 gnolls
  4 naga simulacra (IceCv)
  14 adders
  A river rat (D:9)
  2 shadow imps
  5 white imps
  3 ufetubi (IceCv)
  7 dart slugs
  66 orcs
  5 endoplasms
  3 giant cockroaches
  5 goblins
  8 hobgoblins
  6 jackals
  9 quokkas
  8 ball pythons
  5 bats
  3 frilled lizards
  19 kobolds
  6 rats
  6 river rat simulacra (D:9)
993 creatures vanquished.

Vanquished Creatures (collateral kills)
  A tengu reaver (D:13)
  Nessos (D:12)
  An anaconda (Snake:4)
  A two-headed ogre (D:11)
  A death yak (Lair:2)
  A deep elf knight (D:13)
  A naga ritualist (Snake:4)
  2 orc knights (Orc:2)
  A salamander (Snake:2)
  A naga mage (Snake:3)
  2 guardian serpents (Snake:4)
  A rime drake (Lair:5)
  A komodo dragon (Lair:5)
  4 dream sheep (Lair:5)
  2 blink frogs (Lair:5)
  A wraith (Lair:3)
  A basilisk (Lair:3)
  5 nagas
  An acid dragon (D:13)
  A black bear (Lair:5)
  An ice beast (D:11)
  12 orc warriors (Orc:2)
  2 wolves (Lair:5)
  A centaur (Orc:2)
  2 orc priests (Orc:2)
  An ufetubus (IceCv)
  8 orcs (Orc:2)
57 creatures vanquished.

Vanquished Creatures (others)
  A death yak (Shoals:2)
  A naga sharpshooter (Snake:4)
  A manticore (Shoals:3)
  A human (Snake:1)
  An orc wizard (Orc:2)
  An orc (Orc:2)
  A hobgoblin (D:1)
7 creatures vanquished.

Grand Total: 1057 creatures vanquished

Notes
Turn   | Place    | Note
-------+----------+-------------------------------------------
     0 | D:1      | MacCMillion the Formicid Fighter began the quest for the
                  | Orb.
     0 | D:1      | Reached XP level 1. HP: 18/18 MP: 1/1
   110 | D:1      | Reached XP level 2. HP: 19/24 MP: 2/2
   271 | D:1      | Reached XP level 3. HP: 29/29 MP: 3/3
   301 | D:1      | Found a faded altar of an unknown god.
   951 | D:2      | Reached XP level 4. HP: 37/37 MP: 4/4
  1148 | D:2      | Reached skill level 5 in Shields
  1148 | D:2      | Reached XP level 5. HP: 42/42 MP: 5/5
  1486 | D:2      | Reached skill level 3 in Axes
  1852 | D:2      | Identified the +0 mace of the Maze {freeze, Str+8 Int+3
                  | Dex+3}
  1856 | D:2      | Found a glowing silver altar of Zin.
  1992 | D:2      | Upgraded the game from 0.32-a0-12-g7fc57aa741 to
                  | 0.32-a0-13-gbaedc5810e
  2318 | D:3      | Found a blossoming altar of Fedhas.
  2332 | D:3      | Reached XP level 6. HP: 47/48 MP: 6/6
  2531 | D:3      | Reached skill level 4 in Axes
  2698 | D:4      | Noticed an ogre
  2711 | D:4      | Killed an ogre
  2741 | D:4      | Reached skill level 5 in Axes
  2812 | D:4      | Reached XP level 7. HP: 38/54 MP: 7/7
  2965 | D:4      | Found Xeawkischi's Specific Store.
  2965 | D:4      | Found Seyxib's General Store.
  2982 | D:4      | Bought a potion of curing for 36 gold pieces
  3023 | D:4      | Found a staircase to the Ecumenical Temple.
  3027 | Temple   | Entered the Ecumenical Temple
  3053 | Temple   | Became a worshipper of Qazlal Stormbringer
  3356 | D:4      | Found Gamniuwn's Armour Boutique.
  3503 | D:4      | Found a glowing golden altar of the Shining One.
  3620 | D:4      | Reached skill level 1 in Invocations
  3781 | D:5      | Entered Level 5 of the Dungeon
  3816 | D:5      | Reached skill level 6 in Axes
  4296 | D:5      | Reached XP level 8. HP: 60/60 MP: 10/10
  4823 | D:6      | Identified the +3 robe of Wost {Rampage rC+ Str-5}
  4860 | D:6      | Reached skill level 7 in Axes
  5072 | D:6      | Identified the +0 ring mail "Puckakki" {rElec}
  5320 | D:6      | Found a shadowy altar of Dithmenos.
  5833 | D:7      | Reached skill level 8 in Axes
  5854 | D:7      | Reached * piety under Qazlal
  5855 | D:7      | Noticed a wyvern
  5868 | D:7      | Killed a wyvern
  6008 | D:7      | Found an iron altar of Okawaru.
  6026 | D:7      | Reached skill level 9 in Axes
  6189 | D:7      | Reached XP level 9. HP: 53/65 MP: 11/11
  6278 | D:7      | Noticed a deep elf pyromancer
  6283 | D:7      | Killed a deep elf pyromancer
  6284 | D:7      | Reached skill level 10 in Axes
  6291 | D:7      | Reached skill level 5 in Fighting
  6433 | D:6      | Reached skill level 5 in Armour
  6585 | D:7      | Noticed a hornet
  6602 | D:6      | Killed a hornet
  7014 | D:7      | Noticed Prince Ribbit
  7025 | D:7      | Killed Prince Ribbit
  7026 | D:7      | Reached XP level 10. HP: 58/76 MP: 8/12
  7255 | D:7      | Reached skill level 11 in Axes
  7385 | D:7      | Noticed a cyclops
  7387 | D:7      | Identified the ring "Ofoqihang" {rPois rN+ Int+4 Dex+2}
  7664 | D:8      | Found a snail-covered altar of Cheibriados.
  7664 | D:8      | Found an opulent altar of Gozag.
  7765 | D:8      | Found a glowing silver altar of Zin.
  7832 | D:8      | Found Rouress's One-of-a-Kind Rings.
  8115 | D:8      | Reached ** piety under Qazlal
  8157 | D:8      | Noticed Pikel
  8180 | D:8      | Killed Pikel
  8181 | D:8      | Reached skill level 5 in Invocations
  8319 | D:8      | Found a broken altar of Ashenzari.
  8410 | D:8      | Noticed a two-headed ogre
  8422 | D:8      | Killed a two-headed ogre
  8909 | D:8      | Noticed Gastronok
  8920 | D:8      | Killed Gastronok
  8921 | D:8      | Reached skill level 12 in Axes
  8921 | D:8      | Reached XP level 11. HP: 53/84 MP: 8/15
  9432 | D:9      | Found Niwkiosh's Antique Weapon Boutique.
  9741 | D:9      | Noticed a cyclops
  9750 | D:9      | Killed a cyclops
 10033 | D:9      | Noticed a necromancer
 10040 | D:9      | Killed a necromancer
 10298 | D:9      | Reached skill level 13 in Axes
 10305 | D:9      | Identified the +0 leather armour of the Moon Troll {rN+
                  | Stlth+}
 10382 | D:10     | Entered Level 10 of the Dungeon
 10535 | D:10     | Found a staircase to the Orcish Mines.
 10798 | D:10     | Reached *** piety under Qazlal
 10961 | D:10     | Reached XP level 12. HP: 77/94 MP: 15/17
 11097 | D:10     | Reached skill level 1 in Dodging
 11784 | D:7      | Reached **** piety under Qazlal
 12120 | D:7      | Found an iron altar of Okawaru.
 13253 | D:11     | Reached skill level 14 in Axes
 13302 | D:11     | Noticed a two-headed ogre
 13311 | D:11     | Killed a two-headed ogre
 13570 | D:11     | Found a staircase to the Lair.
 13938 | D:12     | Noticed Nessos
 13943 | D:12     | HP: 4/96 [poisoned by Nessos]
 14455 | D:11     | Found a portal to a secret trove of treasure.
 14576 | Lair:1   | Entered Level 1 of the Lair of Beasts
 14781 | Lair:1   | Reached XP level 13. HP: 91/103 MP: 15/19
 14877 | Lair:1   | Reached skill level 10 in Fighting
 14879 | Lair:1   | Reached skill level 10 in Armour
 15188 | Lair:1   | Reached skill level 15 in Axes
 15318 | Lair:1   | Reached skill level 10 in Invocations
 16868 | Lair:2   | Reached skill level 16 in Axes
 17156 | Lair:2   | Found a staircase to the Snake Pit.
 18087 | Lair:3   | Noticed a catoblepas
 18095 | Lair:3   | Killed a catoblepas
 18127 | Lair:3   | Reached XP level 14. HP: 80/110 MP: 18/22
 18211 | Lair:3   | Noticed Sonja
 18214 | Lair:3   | Killed Sonja
 18356 | Lair:3   | Noticed Josephine
 18386 | Lair:3   | Killed Josephine
 18538 | Lair:3   | Reached skill level 17 in Axes
 18586 | Lair:3   | Found a staircase to the Shoals.
 19093 | Lair:3   | Noticed Snorg
 19113 | Lair:3   | Killed Snorg
 19893 | Lair:4   | Found a dark tunnel.
 19902 | Volcano  | Entered a volcano
 21089 | Lair:5   | Entered Level 5 of the Lair of Beasts
 21246 | Lair:5   | Noticed Urug
 21258 | Lair:5   | Killed Urug
 21271 | Lair:5   | Found a frozen archway.
 21271 | Lair:5   | Found a sacrificial altar of Ru.
 21402 | IceCv    | Entered an ice cave
 21688 | IceCv    | Reached ***** piety under Qazlal
 21999 | IceCv    | Reached XP level 15. HP: 111/120 MP: 21/24
 22194 | IceCv    | Noticed a reaper
 22395 | IceCv    | Killed a reaper
 22425 | IceCv    | Found the +2 Maxwell's thermic engine {flame, freeze, rev}
 22466 | IceCv    | Identified the ring "Fitiw" {rF+ rC+ Str+3}
 23623 | Lair:5   | Found a viscous altar of Jiyva.
 23623 | Lair:5   | Found a staircase to the Slime Pits.
 25076 | D:4      | Bought a scroll of identify for 24 gold pieces
 25076 | D:4      | Bought a potion of mutation for 96 gold pieces
 25265 | D:8      | Bought a +9 ring of strength for 1248 gold pieces
 25336 | Orc:1    | Entered Level 1 of the Orcish Mines
 25770 | Orc:1    | Found a one-way gate to the infinite horrors of the Abyss.
 25770 | Orc:1    | Noticed Zaque's ghost (journeyman TrBr)
 25771 | Orc:1    | Noticed an orc warlord
 25949 | Orc:1    | Found a transporter.
 25952 | Orc:1    | Found a transporter.
 26291 | Orc:2    | Entered Level 2 of the Orcish Mines
 26421 | Orc:2    | Found a staircase to the Elven Halls.
 26512 | Orc:2    | HP: 2/124 [warg (7)]
 27238 | Orc:2    | Found Enaarr's Armour Boutique.
 27238 | Orc:2    | Found Ileyfodd's Antique Weapon Emporium.
 27240 | Orc:2    | Found Feunacwe's Magic Scroll Shoppe.
 27242 | Orc:2    | Found Geas Veq's Distillery.
 27249 | Orc:2    | Bought a scroll of identify for 30 gold pieces
 27249 | Orc:2    | Bought a scroll of identify for 30 gold pieces
 27249 | Orc:2    | Bought a scroll of identify for 30 gold pieces
 27250 | Orc:2    | Identified a scroll of acquirement
 27251 | Orc:2    | Acquired 425 gold pieces
 27699 | D:12     | Killed Nessos
 27782 | D:12     | Noticed Fannar
 27792 | D:12     | Killed Fannar
 28421 | D:12     | Identified the +1 sling of the Boiling Point {drain, rPois
                  | rF+ rC- Int+4 SInv}
 28749 | D:13     | Reached XP level 16. HP: 132/132 MP: 23/25
 28791 | D:13     | Noticed a tengu reaver
 28806 | D:13     | Killed a tengu reaver
 28926 | D:13     | Noticed Erolcha
 28934 | D:13     | Killed Erolcha
 28935 | D:13     | Reached skill level 18 in Axes
 29386 | D:13     | Found a gate to the Vaults.
 29787 | D:13     | Identified the amulet "Qiuphur" {rF- rC+ rN+ Regen+ Dex+2}
 30822 | D:15     | Entered Level 15 of the Dungeon
 31462 | D:15     | Found a staircase to the Depths.
 32044 | D:15     | Found Mapyhuj's Antique Weapon Shop.
 32270 | Snake:1  | Entered Level 1 of the Snake Pit
 32283 | Snake:1  | Noticed Louise
 32303 | Snake:1  | Killed Louise
 32308 | Snake:1  | Reached skill level 10 in Shields
 32308 | Snake:1  | Reached XP level 17. HP: 35/140 MP: 22/26
 32987 | Snake:1  | Found a runed translucent gate.
 32987 | Snake:1  | Found a runed translucent gate.
 32987 | Snake:1  | Found a runed translucent gate.
 32989 | Snake:1  | Noticed Yli Wybb's ghost (adept DsHu)
 33015 | Snake:1  | Identified the serpent talisman of Qem Iron {rElec Will++
                  | MP+9 Str-4}
 33015 | Snake:1  | Noticed Aizul
 33035 | Snake:1  | Killed Aizul
 33513 | Snake:1  | Noticed Roxanne
 33814 | Snake:1  | Found Kedoolee's Mass Market.
 33868 | Snake:1  | Noticed Kirke
 33881 | Snake:1  | Noticed a sphinx
 33883 | Snake:1  | Killed Kirke
 34471 | Snake:2  | Found a basalt altar of Yredelemnul.
 36306 | Snake:3  | Noticed Mlioglotl
 36315 | Snake:3  | Killed Mlioglotl
 36564 | Snake:3  | Reached skill level 15 in Shields
 37323 | Snake:3  | Reached skill level 5 in Dodging
 38329 | Snake:4  | Entered Level 4 of the Snake Pit
 38751 | Snake:4  | Reached XP level 18. HP: 131/148 MP: 27/27
 38755 | Snake:4  | Reached skill level 15 in Fighting
 38876 | Snake:4  | Reached skill level 15 in Armour
 39289 | Snake:4  | Identified the +4 plate armour "Acoerphipt" {*Slow Fly
                  | rN+++ Will-}
 41265 | Snake:4  | Got a serpentine rune of Zot
 41788 | Lair:3   | Upgraded the game from 0.32-a0-13-gbaedc5810e to
                  | 0.32-a0-18-g89e19f1974
 42007 | D:4      | Bought a +0 plate armour of willpower for 420 gold pieces
 42239 | Shoals:1 | Entered Level 1 of the Shoals
 42849 | Shoals:1 | Reached skill level 19 in Axes
 42908 | Shoals:1 | Found a hide-covered altar of Uskayaw.
 43053 | Shoals:1 | Identified the +3 arbalest of Wijitam {speed, *Corrode
                  | Will++ Int+3}
 43320 | Shoals:1 | Found Wemm's Book Shoppe.
 43779 | Shoals:2 | Reached XP level 19. HP: 116/157 MP: 29/29
 43855 | Shoals:2 | Noticed Polyphemus
 43868 | Shoals:2 | Killed Polyphemus
 44866 | Shoals:3 | Found a flickering gateway to a bazaar.
 44917 | Bazaar   | Entered a bazaar
 44935 | Bazaar   | Found Faits's Assorted Antiques.
 44965 | Bazaar   | Found Waokhum's Assorted Antiques.
 45003 | Bazaar   | Found Tiyrhej's Assorted Antiques.
 45011 | Bazaar   | Bought a scroll labelled YFAFIV MUARCHYR for 18 gold pieces
 45033 | Bazaar   | Found Peuffoer's Jewellery Emporium.
 45384 | Bazaar   | Bought a talisman of death for 1280 gold pieces
 46598 | Shoals:4 | Entered Level 4 of the Shoals
 46784 | Shoals:4 | Killed from afar by a wind drake

Illustrated notes

Levels and vault maps discovered:
D:1:      lemuel_arrival_behind_the_door_large, layout_loops_ring,
          ebering_ecumenical_altar_petrified, minmay_three_crescents
D:2:      minmay_razor_zed, layout_basic, basic_altar, nicolae_hexahallways
D:3:      layout_basic, fedhas_altar_2
D:4:      layout_basic, lemuel_coloured_pillars_altar,
          minmay_temple_entry_glassed_door, serial_shops,
          nicolae_shop_back_alley_shop, nicolae_specific_store,
          grunt_ministairs_9
D:5:      layout_basic
D:6:      layout_cave_pods, mainiacjoe_overflow_chevrons,
          minmay_a_box_with_orc_wizards_in_it
D:7:      nzn_winding_woodlands_stair_cross [nzn_winding_woodlands_5x15_pockets,
          nzn_winding_woodlands_center_lodge, nzn_winding_woodlands_5x15_cabin,
          nzn_winding_woodlands_5x5_cross, nzn_winding_woodlands_5x5_open_star,
          nzn_winding_woodlands_5x15_eye, nzn_winding_woodlands_center_diamonds,
          nzn_winding_woodlands_5x15_crooked], layout_rooms,
          kennysheep_okawaru_gauntlet, uniq_prince_ribbit1
D:8:      layout_basic, lemuel_round_altar, nicolae_ashenzari_panopticon,
          chequers_temple_overflow_statue_of_worship, nicolae_shop_unique_rings,
          minmay_misc_feat_cross, minmay_misc_feat_enclosed, uniq_gastronok,
          uniq_pikel
D:9:      layout_basic, serial_shops, nicolae_diamond_shop,
          eino_house_with_fridge
D:10:     layout_roguey, orc_0_dummy, special_room [special_room_orc]
D:11:     layout_roguey, hellmonk_lair_entry_icy, trove_entry_hex_spiral,
          dreamdust_deal_with_the_devil
D:12:     layout_grid_maze, uniq_nessos, uniq_fannar
D:13:     minmay_containers, layout_cave_pools, david_vaults_1, uniq_erolcha
D:14:     layout_roguey, kennysheep_donut
D:15:     grunt_enter_depths_snipers, layout_gridville, serial_shops, shop
Temple:   minmay_temple_curvy_branch
Lair:1:   layout_loops_ring
Lair:2:   layout_small_grid, minmay_snake_entry_guardpost_medium, st_stairs_8
Lair:3:   layout_cave_pods, minmay_shoals_entry_hut, uniq_josephine, uniq_sonja,
          uniq_snorg
Lair:4:   layout_loops_ring, enter_volcano_1, serial_bayou_shore_a
Lair:5:   minmay_lair_end_enchanted_forest, layout_small_grid,
          dpeg_slime_entry_enclosed, portal_ice_cave_entry_pillars_2,
          minivault_11, chequers_serial_rivers_large_b, lemuel_oklob_altar,
          uniq_urug
Shoals:1: layout_shoals, serial_shops, shop, regret_index_shoals_crete
Shoals:2: layout_shoals, nicolae_shoals_circle_sea_wall, uniq_polyphemus
Shoals:3: layout_shoals, serial_shops, bzr_entry_lakeside
Shoals:4: shoals_end_hellmonk_lost_city
Snake:1:  layout_basic, ebering_ghost_rock_garden, minmay_shop_mass, uniq_aizul,
          uniq_louise, uniq_kirke, uniq_roxanne
Snake:2:  layout_misc_corridors, basic_altar
Snake:3:  layout_gridlike, grunt_megastairs_5, uniq_mlioglotl
Snake:4:  grunt_snake_rune_serpentine_throne, layout_basic
Orc:1:    layout_caves, gammafunk_ghost_abyssal_escape
Orc:2:    st_orc_rangers, layout_caves

Skill      XL: |  1  2  3  4  5  6  7  8  9 10 11 12 13 14 15 16 17 18 19 |
---------------+----------------------------------------------------------+-----
Fighting       | 4 6 7 8 9 10 12 13 14 15 16 | 16.1
Armour         | 4 5 7 8 9 10 12 13 14 15 16 | 16.0
Shields        | 5 10 15 16 | 16.8
Axes           | 3 5 6 9 10 12 13 14 16 17 18 19 | 19.2
Invocations    | 3 6 7 9 11 12 14 | 14.4
Dodging        | 2 3 4 5 6 |  6.0

Action                     |  1- 3 |  4- 6 |  7- 9 | 10-12 | 13-15 | 16-18 | 19-21 || total
---------------------------+-------+-------+-------+-------+-------+-------+-------++-------
  Melee: War axe           |    79 |   171 |   276 |       |       |       |       ||   526
         Battleaxe         |       |       |    31 |   588 |  1001 |  1124 |   142 ||  2886
         Trident           |       |       |       |     3 |       |       |       ||     3
         Mace              |       |       |       |       |    28 |       |       ||    28
  Throw: Dart              |       |       |     7 |     6 |       |       |       ||    13
 Invoke: Upheaval          |       |       |       |     3 |     7 |     1 |     6 ||    17
         Elemental Force   |       |       |       |     1 |    11 |    12 |       ||    24
         Disaster Area     |       |       |       |       |     1 |       |       ||     1
  Evoke: Wand              |       |     1 |       |       |     2 |       |       ||     3
    Use: Scroll            |       |       |    11 |     5 |     6 |     7 |     2 ||    31
         Potion            |       |       |     3 |     4 |     4 |     4 |     1 ||    16
   Stab: Petrified         |       |       |       |       |     6 |       |     2 ||     8
         Paralysed         |       |       |       |       |     6 |     7 |       ||    13
         Distracted        |       |       |       |       |       |     4 |       ||     4
 Armour: Scale mail        |    58 |    78 |       |       |       |       |       ||   136
         Chain mail        |       |     7 |   190 |   150 |   191 |   464 |       ||  1002
         Plate armour      |       |       |       |   168 |   477 |    57 |    97 ||   799
  Dodge: Dodged            |    36 |    97 |   179 |   271 |   584 |   292 |    38 ||  1497
         Repelled          |       |       |       |       |    13 |    18 |       ||    31
  Block: Buckler           |    23 |    49 |    70 |   230 |   577 |    92 |       ||  1041
         Kite shield       |       |       |       |       |       |   452 |       ||   452
         Tower shield      |       |       |       |       |       |   566 |   188 ||   754
         Reflection        |       |       |       |       |       |    15 |    52 ||    67

Table legend: (Time is in decaauts)
 A = Elapsed time spent in this place.
 B = Non-inter-level travel time spent in this place.
 C = Inter-level travel time spent in this place.
 D = Time resting spent in this place.
 E = Time spent auto-exploring this place.
 F = Levels seen in this place.
 G = Mean time per level.
                   A        B        C        D        E       F      G
               +--------+--------+--------+--------+--------+-----+--------+
         Total |  46980 |  42754 |   4226 |  13473 |  19697 |  34 | 1381.8 |
       Dungeon |  20557 |  18041 |   2516 |   4165 |   9801 |  15 | 1370.5 |
        Temple |     51 |      9 |     42 |      0 |      0 |   1 |   51.0 |
          Lair |   9012 |   8303 |    709 |   2882 |   3967 |   5 | 1802.4 |
        Shoals |   3752 |   3443 |    309 |   1213 |    927 |   4 |  938.0 |
     Snake Pit |   9145 |   8537 |    608 |   3989 |   2933 |   4 | 2286.2 |
  Orcish Mines |   2215 |   2176 |     39 |    574 |   1223 |   2 | 1107.5 |
        Bazaar |    611 |    611 |      0 |      0 |    438 |   1 |  611.0 |
      Ice Cave |   1248 |   1248 |      0 |    499 |    358 |   1 | 1248.0 |
       Volcano |    385 |    385 |      0 |    150 |     50 |   1 |  385.0 |
               +--------+--------+--------+--------+--------+-----+--------+

Top non-repeatable levels by time:
 Snake:4: 2885 daAuts
 Snake:3: 2557 daAuts
  Lair:5: 2490 daAuts
     D:7: 2334 daAuts
  Lair:2: 2236 daAuts
     D:6: 2080 daAuts
 Snake:1: 2003 daAuts
    D:11: 1882 daAuts
Shoals:1: 1880 daAuts
  Lair:3: 1843 daAuts
     D:8: 1807 daAuts
 Snake:2: 1699 daAuts
     D:9: 1619 daAuts
    D:12: 1477 daAuts
  Lair:1: 1351 daAuts
